 Dungeon Crawl Stone Soup version 0.29-a0-802-g34511f41fd (webtiles) character file.

Game seed: 4096261094644888139

1552 ptdevnull the Reanimator (level 8, -4/52 HPs)
             Began as a Mummy Necromancer on July 4, 2022.
             Slain by Duvessa
             ... wielding a +2 rapier of venom
              (19 damage)
             ... on level 5 of the Dungeon.
             The game lasted 00:12:45 (5892 turns).

ptdevnull the Reanimator (Mummy Necromancer)        Turns: 5892, Time: 00:12:46

Health: -4/52      AC: 12    Str: 12    XL:     8   Next: 57%
Magic:  7/15       EV: 10    Int: 16    God:
Gold:   244        SH:  0    Dex: 12    Spells: 9/17 levels left

rFire   . . .      SeeInvis .   l - +2 quarterstaff "Buubifae" {pain, rF+ rN+}
rCold   + . .      Faith    .   (shield currently unavailable)
rNeg    + + +      Spirit   .   d - +3 ring mail
rPois   ∞          Reflect  .   c - +0 helmet
rElec   .          Harm     .   (no cloak)
rCorr   .          Rampage  .   n - +2 pair of gloves
Will    +....                   (no boots)
Stlth   +.........              k - amulet of the acrobat
HPRegen 0.17/turn               (no ring)
MPRegen 0.14/turn               (no ring)

@: no status effects
A: cold resistance 1, negative energy resistance 3, torment resistance 2, heat
vulnerability 1, in touch with death 1, no potions
a: no special abilities


You were on level 5 of the Dungeon.
You visited 1 branch of the dungeon, and saw 5 of its levels.

You collected 244 gold pieces.

Inventory:

Hand Weapons
 l - the +2 quarterstaff "Buubifae" (weapon) {pain, rF+ rN+}
   (You found it on level 3 of the Dungeon)

   In the hands of one skilled in necromantic magic, it inflicts extra damage on
   living creatures.
   rF:        It protects you from fire.
   rN:        It protects you from negative energy.
Missiles
 m - 3 throwing nets
Armour
 c - a +0 helmet (worn)
 d - a +3 ring mail (worn)
 n - a +2 pair of gloves (worn)
Jewellery
 k - an amulet of the acrobat (around neck)
Wands
 a - a wand of digging (3)
Scrolls
 b - 2 scrolls of magic mapping
 f - a scroll of poison {unknown}
 g - 2 scrolls of teleportation
 h - a scroll of fog {unknown}
 i - a scroll of immolation {unknown}


   Skills:
 * Level 6.2 Staves
 - Level 1.5 Dodging
 - Level 1.5 Stealth
 - Level 5.0 Spellcasting
 - Level 8.0 Necromancy


You had 9 spell levels left.
You knew the following spells:

 Your Spells              Type           Power      Damage    Failure   Level
a - Necrotise             Necr           100%       1d9       1%          1
b - Vampiric Draining     Necr           44%        2d9       3%          3
c - Animate Dead          Necr           44%        N/A       13%         4

Your spell library contained the following spells:

 Spells                   Type           Power      Damage    Failure   Level
 Agony                    Necr           44%        N/A       34%         5
 Ensorcelled Hibernation  Hex/Ice        8%         N/A       45%         2
 Anguish                  Hex/Necr       12%        N/A       54%         4
 Dazzling Flash           Conj/Hex       8%         N/A       71%         3
 Silence                  Hex/Air        2%         N/A       100%        5
 Spider Form              Tmut/Pois      Unusable   N/A       N/A         3

Dungeon Overview and Level Annotations

Branches:
Dungeon (5/15)
 Temple: D:4-7

Altars:
Sif Muna

Annotations:
D:4 1 runed translucent door, gdog's ghost, weakling GnDe
D:5 Duvessa


Innate Abilities, Weirdness & Mutations

You are immune to poison.
Your flesh is cold resistant. (rC+)
You are immune to negative energy. (rN+++)
You are immune to unholy pain and torment.
You are vulnerable to heat. (rF-)
You are in touch with the powers of death.
You do not drink.


Message History

There is a stone staircase leading down here.
You start resting.
HP restored.
You climb downwards.
Level annotation: Duvessa
There is a stone staircase leading up here.
You feel a surge of power!
Duvessa writhes in agony!
Sorry, you're not good enough to have a special ability.
You feel a surge of power!
Duvessa struggles to resist.
Duvessa rages.
You sock Duvessa!
Duvessa is moderately wounded.
Duvessa hits you with a +2 rapier of venom.
Duvessa hits you but does no damage.
You barely miss Duvessa.
Duvessa is moderately wounded.
Duvessa hits you but does no damage.
You sock Duvessa!
Duvessa writhes in agony.
Duvessa is heavily wounded.
Duvessa hits you with a +2 rapier of venom!!
Duvessa hits you with a +2 rapier of venom!
* * * LOW HITPOINT WARNING * * *
Casting: Necrotise (safe; 1% risk of failure)
Confirm with . or Enter, or press ? or * to list all spells.
Aiming: Vampiric Draining (dangerous; 3% risk of failure)
Press: ? - help, Shift-Dir - straight line, f/p - Duvessa
Aim: Duvessa, wielding a +2 rapier of venom and wearing a +0 scale mail (heavily wounded, berserk)
You feel a surge of power!
You draw life force from Duvessa!
You feel life coursing into your body.
Duvessa hits you with a +2 rapier of venom!
* * * LOW HITPOINT WARNING * * *
Casting: Vampiric Draining (dangerous; 3% risk of failure)
Confirm with . or Enter, or press ? or * to list all spells.
Aiming: Vampiric Draining (dangerous; 3% risk of failure)
Press: ? - help, Shift-Dir - straight line, f/p - Duvessa
Aim: Duvessa, wielding a +2 rapier of venom and wearing a +0 scale mail (severely wounded, berserk)
You feel a surge of power!
You draw life force from Duvessa!
You feel life coursing into your body.
Duvessa hits you with a +2 rapier of venom!!
You die...

###..##.. ..... ##..###
.# . #...####........ ..
#..#..........# .. ..
#.............#####. . ..
##..............#.#..
....#.#.................
#..!............# #..
#..#............# #..
#.##@...........###..
#..(.e......#[...###.
###...#......####..###.
#...#.#..[##.## #...#..
###.........)...###......
#.......................[
#...............#..#####.
###.............#..# ##.
#...........#..#.####))


You could see Duvessa (berserk).

Vanquished Creatures
  Pikel (D:4)
  Menkaure (D:5)
  An ogre (D:4)
  A centaur (D:5)
  3 necrophages (D:4)
  A scorpion (D:4)
  Dowan (D:5)
  2 orc priests
  A hound (D:4)
  2 iguanas (D:5)
  Ijyb (D:5)
  Natasha (D:2)
  Terence (D:2)
  4 orc wizards (D:3)
  Robin (D:2)
  6 gnolls
  2 adders
  2 worms
  A dart slug (D:2)
  11 orcs
  9 ball pythons
  7 bats
  9 endoplasms
  3 giant cockroaches
  12 goblins
  13 hobgoblins
  8 kobolds
  5 quokkas
  4 frilled lizards
  4 rats
118 creatures vanquished.

Vanquished Creatures (collateral kills)
  2 endoplasms (D:1)
  A hobgoblin (D:1)
  A kobold (D:2)
4 creatures vanquished.

Vanquished Creatures (others)
  4 goblin zombies (D:2)
  2 hobgoblin zombies (D:2)
6 creatures vanquished.

Grand Total: 128 creatures vanquished

Notes
Turn   | Place    | Note
-------+----------+-------------------------------------------
     0 | D:1      | ptdevnull the Mummy Necromancer began the quest for the
                  | Orb.
     0 | D:1      | Reached XP level 1. HP: 13/13 MP: 4/4
   155 | D:1      | Reached XP level 2. HP: 19/19 MP: 0/6
   917 | D:1      | Gained mutation: You are in touch with the powers of death.
                  | [Mummy growth]
   917 | D:1      | Reached XP level 3. HP: 24/24 MP: 7/7
   998 | D:2      | Noticed Terence
  1003 | D:2      | Killed Terence
  1004 | D:2      | Reached skill level 5 in Necromancy
  1381 | D:2      | Reached XP level 4. HP: 26/30 MP: 2/9
  1422 | D:2      | Learned a level 3 spell: Vampiric Draining
  1427 | D:2      | Learned a level 4 spell: Animate Dead
  1648 | D:2      | Noticed Robin
  1689 | D:2      | Killed Robin
  1842 | D:2      | Noticed Natasha
  1844 | D:2      | Killed Natasha
  2154 | D:2      | Found a faded altar of an unknown god.
  2321 | D:3      | Reached XP level 5. HP: 35/35 MP: 8/11
  2322 | D:3      | Identified the +2 quarterstaff "Buubifae" {pain, rF+ rN+}
  2505 | D:3      | Reached skill level 1 in Staves
  2512 | D:3      | Reached skill level 6 in Necromancy
  3157 | D:3      | Reached XP level 6. HP: 38/41 MP: 11/13
  3289 | D:3      | Found a shimmering blue altar of Sif Muna.
  3724 | D:4      | Found a runed translucent door.
  3726 | D:4      | Noticed gdog's ghost (weakling GnDe)
  3869 | D:4      | Reached skill level 5 in Spellcasting
  4017 | D:4      | Reached XP level 7. HP: 8/46 MP: 1/14
  4329 | D:4      | Reached skill level 7 in Necromancy
  4672 | D:5      | Entered Level 5 of the Dungeon
  4862 | D:5      | Noticed Pikel
  4911 | D:4      | Killed Pikel
  4912 | D:4      | Reached XP level 8. HP: 32/52 MP: 6/15
  5156 | D:5      | Reached skill level 8 in Necromancy
  5427 | D:5      | Reached skill level 5 in Staves
  5582 | D:5      | Noticed Dowan
  5612 | D:5      | Killed Dowan
  5616 | D:5      | Noticed Ijyb
  5626 | D:5      | Killed Ijyb
  5647 | D:5      | Noticed Menkaure
  5807 | D:5      | Killed Menkaure
  5825 | D:5      | Noticed Duvessa
  5892 | D:5      | Slain by Duvessa

Illustrated notes

Levels and vault maps discovered:
D:1:      giann_forest_graveyard, layout_loops_ring, minmay_pentomino_t4
D:2:      layout_basic, hellmonk_ecumenical_altar_prayer_group, uniq_terence,
          uniq_natasha, uniq_robin
D:3:      layout_basic, kennysheep_orc_sif_temple
D:4:      minmay_door_path, layout_basic, ebering_ghost_reflecting_pool
D:5:      layout_cave_pools, uniq_crazy_yiuf_cottage, uniq_ijyb, uniq_pikel,
          uniq_menkaure, uniq_duvessa

Skill      XL: |  1  2  3  4  5  6  7  8 |
---------------+-------------------------+-----
Spellcasting   | 3 4 5 |  5.0
Necromancy     | 5 6 7 8 |  8.0
Staves         | 1 2 4 6 |  6.2
Dodging        | |  1.5
Stealth        | |  1.5

Action                   |  1- 3 |  4- 6 |  7- 9 || total
-------------------------+-------+-------+-------++-------
Melee: Unarmed           |     3 |    26 |       ||    29
       Dagger            |       |     1 |       ||     1
       Punch             |       |     1 |       ||     1
       Quarterstaff      |       |    45 |    58 ||   103
 Cast: Necrotise         |    66 |   103 |    56 ||   225
       Animate Dead      |       |     1 |       ||     1
       Vampiric Draining |       |     1 |     6 ||     7
  Use: Scroll            |       |       |     4 ||     4
Armor: Robe              |     2 |    10 |       ||    12
       Ring mail         |       |    33 |    47 ||    80
Dodge: Dodged            |     8 |    34 |    43 ||    85

Table legend: (Time is in decaauts)
 A = Elapsed time spent in this place.
 B = Non-inter-level travel time spent in this place.
 C = Inter-level travel time spent in this place.
 D = Time resting spent in this place.
 E = Time spent auto-exploring this place.
 F = Levels seen in this place.
 G = Mean time per level.
                   A        B        C        D        E       F      G
               +--------+--------+--------+--------+--------+-----+--------+
         Total |   5915 |   5601 |    314 |    631 |   4065 |   5 | 1183.0 |
       Dungeon |   5915 |   5601 |    314 |    631 |   4065 |   5 | 1183.0 |
               +--------+--------+--------+--------+--------+-----+--------+

Top non-repeatable levels by time:
     D:4: 2024 daAuts
     D:2: 1250 daAuts
     D:3: 1121 daAuts
     D:1: 1060 daAuts
     D:5: 458 daAuts
